 Dungeon Crawl Stone Soup version 0.24.0-10-g970556be89 (webtiles) character file.

Game seed: 9514554966192127711, levelgen mode: classic

145 EnegeticOcto the Gusty (level 5, -10/37 HPs)
             Began as a Gnoll Air Elementalist on Nov 3, 2019.
             Killed by divine providence
             ... invoked by an orc priest
              (12 damage)
             ... on level 3 of the Dungeon.
             The game lasted 00:03:09 (3112 turns).

EnegeticOcto the Gusty (Gnoll Air Elementalist)     Turns: 3112, Time: 00:03:10

Health: -10/37     AC:  3    Str: 10    XL:     5   Next: 27%
Magic:  2/12       EV: 15    Int: 19    God:
Gold:   163        SH:  0    Dex: 15    Spells: 10/14 levels left

rFire    . . .     SeeInvis .   k - +0 trident
rCold    . . .     Gourm    .   (no shield)
rNeg     . . .     Faith    .   a - +0 robe
rPois    .         Spirit   .   (no helmet)
rElec    .         Reflect  .   (no cloak)
rCorr    .         Harm     .   h - +0 pair of gloves
MR       .....                  (no boots)
Stlth    +++.......             (no amulet)
HPRegen  0.12/turn              (no ring)
MPRegen  0.13/turn              (no ring)

@: no status effects
A: distributed training, fangs 1, strong nose
a: no special abilities


You were on level 3 of the Dungeon.
You were hungry.

You visited 1 branch of the dungeon, and saw 4 of its levels.

You collected 163 gold pieces.

Inventory:

Hand Weapons
 j - a +0 hand axe
 k - a +0 trident (weapon)
Armour
 a - a +0 robe (worn)
 f - a +0 shield
 h - a +0 pair of gloves (worn)
Jewellery
 l - an uncursed ring of protection from magic {unknown}
Scrolls
 c - 5 scrolls of amnesia
 d - 5 scrolls of identify {@r1}
 g - a scroll of blinking {@r4}
 m - a scroll of noise {unknown}
Potions
 b - a potion of ambrosia
Comestibles
 e - 13 rations


   Skills:
 + Level 1.4 Fighting
 + Level 1.4 Short Blades
 + Level 1.4 Long Blades
 + Level 1.4 Axes
 + Level 1.4 Maces & Flails
 + Level 1.4 Polearms
 + Level 1.4 Staves
 + Level 1.4 Slings
 + Level 1.4 Bows
 + Level 1.4 Crossbows
 + Level 1.4 Throwing
 + Level 1.4 Armour
 + Level 4.7 Dodging
 + Level 4.3 Stealth
 + Level 1.4 Shields
 + Level 1.4 Unarmed Combat
 + Level 5.1 Spellcasting
 + Level 2.3 Conjurations
 + Level 1.1 Hexes
 + Level 1.1 Charms
 + Level 1.1 Summonings
 + Level 1.1 Necromancy
 + Level 1.1 Translocations
 + Level 1.1 Transmutations
 + Level 1.1 Fire Magic
 + Level 1.1 Ice Magic
 + Level 5.5 Air Magic
 + Level 1.1 Earth Magic
 + Level 1.1 Poison Magic
 + Level 1.5 Invocations
 + Level 1.4 Evocations


You had 10 spell levels left.
You knew the following spells:

 Your Spells              Type           Power        Failure   Level  Hunger
a - Shock                 Conj/Air       ###.         2%          1    None
b - Static Discharge      Conj/Air       ###.....     7%          3    ##.....

Your spell library contained the following spells:

 Spells                   Type           Power        Failure   Level  Hunger
 Swiftness                Chrm/Air       ###.....     4%          2    #......
 Airstrike                Air            ####......   12%         4    ####...
 Lightning Bolt           Conj/Air       ###.......   54%         5    ######.


Dungeon Overview and Level Annotations

Branches:
Dungeon (4/15)
 Temple: D:4-7

Altars:
Fedhas
Hepliaklqana
Ru
Uskayaw
The Shining One


Innate Abilities, Weirdness & Mutations

Your experience applies equally to all skills.
You have very sharp teeth.
Your uncanny sense of smell can sniff out nearby items.


Message History

The orc priest is moderately wounded.
The orc closely misses you.
The orc wizard hits you with a +0 dagger.
* * * LOW HITPOINT WARNING * * *
The orc priest hits you with a +0 hand axe.
* * * LOW HITPOINT WARNING * * *
The orc barely misses you.
You are confused.
You feel invigorated.
The orc wizard hits you with a +0 dagger.
* * * LOW HITPOINT WARNING * * *
The orc barely misses you.
The orc priest hits you with a +0 hand axe.
* * * LOW HITPOINT WARNING * * *
The orc misses you. The orc hits you but does no damage.
The orc priest calls upon Beogh to heal the orc.
The orc's wounds heal themselves!
The orc wizard hits you with a +0 dagger.
The orc priest completely misses you. The orc barely misses you.
The orc priest hits you with a +0 hand axe!
* * * LOW HITPOINT WARNING * * *
The orc wizard gestures at you while chanting.
The puff of flame misses you.
You hit the orc priest but do no damage.
Your bite misses the orc priest.
The orc priest is moderately wounded.
The orc misses you.
The orc priest hits you but does no damage.
You closely miss the orc priest. Your bite misses the orc priest.
The orc priest is moderately wounded.
The orc barely misses you. The orc priest closely misses you.
The orc hits you with a +0 war axe!
You closely miss the orc wizard.
The orc wizard hits you but does no damage.
The orc priest mumbles some strange prayers to Beogh against you.
Beogh smites you! The orc completely misses you.
The orc hits you with a +0 war axe.
The orc wizard hits you with a +0 dagger.
The orc priest invokes the aid of Beogh against you.
Beogh smites you!
* * * LOW HITPOINT WARNING * * *
You feel less invigorated.
You feel less confused.
Casting: Static Discharge (safe; 8% risk of failure)
Confirm with . or Enter, or press ? or * to list all spells.
The orc wizard is struck by an arc of lightning!
The orc wizard is severely wounded.
You are struck by an arc of lightning.
* * * LOW HITPOINT WARNING * * *
The orc wizard is struck by an arc of lightning.
You kill the orc wizard!
The lightning grounds out.
Casting: Static Discharge (safe; 7% risk of failure)
Confirm with . or Enter, or press ? or * to list all spells.
The orc priest is struck by an arc of lightning!
The orc priest is severely wounded.
The orc is struck by an arc of lightning.
You kill the orc!
The lightning grounds out.
Your magical contamination has completely faded away.
Casting: Static Discharge (safe; 7% risk of failure)
Confirm with . or Enter, or press ? or * to list all spells.
The orc is struck by an arc of lightning.
The orc is severely wounded.
The lightning grounds out.
Casting: Static Discharge (safe; 7% risk of failure)
Confirm with . or Enter, or press ? or * to list all spells.
The orc is struck by an arc of lightning.
You kill the orc!
You are struck by an arc of lightning.
* * * LOW HITPOINT WARNING * * *
The lightning grounds out.
You are feeling hungry.
The orc priest closely misses you.
You hit the orc priest.
The orc priest is almost dead.
The orc priest hits you with a +0 hand axe.
* * * LOW HITPOINT WARNING * * *
You barely miss the orc priest.
The orc priest is almost dead.
The orc priest casts a cantrip, but nothing happens.
The orc priest closely misses you.
You hit the orc priest but do no damage.
The orc priest is almost dead.
The orc priest completely misses you.
You closely miss the orc priest.
You bite the orc priest, but do no damage.
The orc priest is almost dead.
The orc priest barely misses you.
You closely miss the orc priest.
The orc priest is almost dead.
The orc priest hits you with a +0 hand axe.
* * * LOW HITPOINT WARNING * * *
You hit the orc priest but do no damage.
You bite the orc priest, but do no damage.
The orc priest is almost dead.
The orc priest invokes the aid of Beogh against you.
Beogh smites you!
You die...

.......# #...##.....#####.....
###.#### ##..##...............
#..# ###........######..... #.##
#.......[.....######## #.#
##.#.....)[....## ## #.#
#####..#............#####.
##.#####.....##..................
.....#...######.#o)..>.....#####.
.......### #.._@).........# #.
.....### #.#.#...##...#.# #.
##...# #...##########.#####.
#...# #.### #....... #.### ###
######.. #.# ### ##.# ...# #..#


You could see an orc priest.

Vanquished Creatures
  An orc wizard (D:3)
  2 adders (D:2)
  An ooze (D:2)
  3 worms
  2 dart slugs (D:1)
  2 leopard geckos (D:1)
  11 orcs (D:3)
  A ball python (D:2)
  4 giant cockroaches
  7 goblins
  7 hobgoblins
  4 jackals (D:2)
  A quokka (D:2)
  9 bats
  6 frilled lizards
  7 kobolds
  4 rats
72 creatures vanquished.

Notes
Turn   | Place    | Note
-------+----------+-------------------------------------------
     0 | D:1      | EnegeticOcto the Gnoll Air Elementalist began the quest for
                  | the Orb.
     0 | D:1      | Reached XP level 1. HP: 13/13 MP: 6/6
   141 | D:1      | Reached XP level 2. HP: 19/19 MP: 4/7
   563 | D:1      | Reached XP level 3. HP: 25/25 MP: 5/9
   658 | D:1      | Reached skill level 5 in Spellcasting
   828 | D:1      | Found a glowing golden altar of the Shining One.
   947 | D:2      | Learned a level 3 spell: Static Discharge
  1020 | D:2      | You fall into a shaft and drop 1 floor!
  1048 | D:3      | Found a hide-covered altar of Uskayaw.
  1130 | D:3      | Reached skill level 1 in Invocations
  1311 | D:2      | Found a sacrificial altar of Ru.
  1411 | D:2      | Reached skill level 1 in Fighting
  1411 | D:2      | Reached skill level 1 in Short Blades
  1411 | D:2      | Reached skill level 1 in Long Blades
  1411 | D:2      | Reached skill level 1 in Axes
  1411 | D:2      | Reached skill level 1 in Maces & Flails
  1411 | D:2      | Reached skill level 1 in Polearms
  1411 | D:2      | Reached skill level 1 in Staves
  1411 | D:2      | Reached skill level 1 in Slings
  1411 | D:2      | Reached skill level 1 in Bows
  1411 | D:2      | Reached skill level 1 in Crossbows
  1411 | D:2      | Reached skill level 1 in Throwing
  1411 | D:2      | Reached skill level 1 in Armour
  1411 | D:2      | Reached skill level 1 in Shields
  1411 | D:2      | Reached skill level 1 in Unarmed Combat
  1411 | D:2      | Reached skill level 1 in Evocations
  1411 | D:2      | Reached XP level 4. HP: 10/32 MP: 0/11
  1434 | D:2      | HP: 1/32 [jackal (1)]
  2321 | D:2      | Found a blossoming altar of Fedhas.
  2436 | D:3      | Reached skill level 1 in Hexes
  2436 | D:3      | Reached skill level 1 in Charms
  2436 | D:3      | Reached skill level 1 in Summonings
  2436 | D:3      | Reached skill level 1 in Necromancy
  2436 | D:3      | Reached skill level 1 in Translocations
  2436 | D:3      | Reached skill level 1 in Transmutations
  2436 | D:3      | Reached skill level 1 in Fire Magic
  2436 | D:3      | Reached skill level 1 in Ice Magic
  2436 | D:3      | Reached skill level 1 in Earth Magic
  2436 | D:3      | Reached skill level 1 in Poison Magic
  2766 | D:3      | Found a hazy altar of Hepliaklqana.
  2781 | D:3      | Reached XP level 5. HP: 26/37 MP: 5/12
  3112 | D:3      | Killed from afar by an orc priest

Levels and vault maps discovered:
D:1:      nzn_arrival_water_spiral, layout_basic, tso_altar
D:2:      layout_rooms, fedhas_altar_fruit_tree,
          nicolae_ru_sacrificial_ziggurat, minivault_24
D:3:      layout_rooms, lemuel_crystal_altar, nicolae_overflow_crystal_walls,
          serial_corexii_hall, chequers_hall_statues_wall_a,
          corexii_hall_statues_deadend, corexii_hall_statues_l
D:4:      layout_gridville, kennysheep_slug_shrine, first_ration

Skill      XL: |  1  2  3  4 |
---------------+-------------+-----
Conjurations   | 2 |  2.3
Spellcasting   | 5 |  5.1
Invocations    | 1 |  1.5
Fighting       | 1 |  1.4
Short Blades   | 1 |  1.4
Long Blades    | 1 |  1.4
Axes           | 1 |  1.4
Maces & Flails | 1 |  1.4
Polearms       | 1 |  1.4
Staves         | 1 |  1.4
Slings         | 1 |  1.4
Bows           | 1 |  1.4
Crossbows      | 1 |  1.4
Throwing       | 1 |  1.4
Armour         | 1 |  1.4
Shields        | 1 |  1.4
Unarmed Combat | 1 |  1.4
Evocations     | 1 |  1.4
Hexes          | 1 |  1.1
Charms         | 1 |  1.1
Summonings     | 1 |  1.1
Necromancy     | 1 |  1.1
Translocations | 1 |  1.1
Transmutations | 1 |  1.1
Fire Magic     | 1 |  1.1
Ice Magic      | 1 |  1.1
Earth Magic    | 1 |  1.1
Poison Magic   | 1 |  1.1
Dodging        | |  4.7
Stealth        | |  4.3
Air Magic      | |  5.5

Action                   |  1- 3 |  4- 6 || total
-------------------------+-------+-------++-------
Melee: Unarmed           |     7 |    22 ||    29
       Trident           |       |    36 ||    36
       Bite              |       |     7 ||     7
 Cast: Shock             |    65 |    23 ||    88
       Static Discharge  |     5 |    17 ||    22
  Use: Scroll            |     2 |     2 ||     4
       Potion            |       |     1 ||     1
 Stab: Sleeping          |       |     3 ||     3
  Eat: Chunk             |       |     4 ||     4
       Ration            |       |     1 ||     1
Armor: Robe              |     3 |    15 ||    18
Dodge: Dodged            |    30 |    82 ||   112
